AoeStats
← 绣虎

Arena

509051632Analyzed
4v4 RM · 6d ago on Sep 25, 2026· 51m 29s· 8 players
Game mode
Random Map
Map size
Large (8 player)
Population
200
Speed
Normal
Resources
Standard
Victory
Conquest
Starting age
Dark Age
Ending age
Imperial Age
RankedLock teamsTeams togetherTeam positionsShared explorationLock speedFull tech treeHidden civsTurbo modeCheats
Victory
Defeat
🇺🇸 Aztecs · United States
1054
+14
🇨🇳 Italians · China
1050
+14
🇨🇳 Persians · China
1040
+14
🇮🇳 Jurchens · India
1008
+16
🇹🇼 Persians · Taiwan
1019
-15
🇯🇵 Britons · Japan
1016
-15
🇨🇳 Celts · China
1003
-14
🇨🇳 Persians · China
985
-14
riden1109itou
11:07 Feudal Age
14:55 Castle Age
12:41 Loom
13:33 Double-Bit Axe
15:05 Horse Collar
15:43 Town Watch
20:58 Wheelbarrow
20:34 Gold Mining
23:26 Bow Saw
23:39 Fletching
23:50 Padded Archer Armor
23:51 Stone Mining
24:44 Bodkin Arrow
29:33 Imperial Age
27:31 Fortified Wall
27:57 Leather Archer Armor
28:22 Forging
28:13 Scale Mail Armor
28:15 Pikeman
28:56 Squires
30:21 Bracer
31:26 Chemistry
30:47 Ballistics
31:38 Ring Archer Armor
31:40 Conscription
34:38 Elite Longbowman
39:43 Chain Mail Armor
40:04 Iron Casting
40:22 Gold Shaft Mining
39:27 Halberdier
41:39 Elite Skirmisher
capybara56
10:50 Feudal Age
14:51 Castle Age
13:21 Horse Collar
14:11 Double-Bit Axe
16:45 Bow Saw
19:45 Heavy Plow
21:11 Wheelbarrow
20:25 Loom
22:37 Stone Mining
22:37 Gold Mining
26:20 Town Watch
26:43 Scale Barding Armor
26:49 Forging
26:29 Fletching
29:26 Imperial Age
27:14 Hand Cart
28:36 Chain Barding Armor
28:52 Iron Casting
29:07 Bloodlines
28:58 Husbandry
31:13 Chemistry
31:08 Conscription
30:18 Cavalier
32:01 Plate Barding Armor
32:18 Savar
34:36 Ballistics
36:02 Blast Furnace
37:35 Town Patrol
43:40 Hoardings
43:17 Kamandaran
43:41 Crossbowman
44:47 Bodkin Arrow
44:55 Padded Archer Armor
47:58 Thumb Ring
不上青楼
9:14 Feudal Age
17:29 Castle Age
15:45 Double-Bit Axe
16:17 Horse Collar
19:41 Bow Saw
20:11 Heavy Plow
24:57 Loom
25:49 Wheelbarrow
24:59 Town Watch
26:47 Hand Cart
30:39 Imperial Age
29:36 Town Patrol
29:34 Gold Mining
29:34 Stone Mining
30:13 Scale Barding Armor
30:19 Forging
31:29 Stone Shaft Mining
31:30 Gold Shaft Mining
32:10 Two-Man Saw
31:45 Conscription
32:49 Crop Rotation
32:08 Elite War Elephant
33:01 Husbandry
33:11 Bloodlines
34:18 Hoardings
33:45 Murder Holes
34:01 Masonry
36:08 Architecture
35:25 Light Cavalry
36:40 Chain Barding Armor
36:56 Iron Casting
36:49 Hussar
38:35 Plate Barding Armor
44:44 Blast Furnace
美团外卖总教练
4:04 Loom
13:27 Feudal Age
14:45 Wheelbarrow
13:59 Double-Bit Axe
13:57 Horse Collar
18:36 Castle Age
19:54 Hand Cart
19:54 Bow Saw
21:51 Stone Mining
21:52 Gold Mining
26:44 Fletching
30:55 Bodkin Arrow
32:08 Masonry
34:24 Gold Shaft Mining
37:50 Imperial Age
39:03 Scale Mail Armor
39:13 Forging
40:44 Heavy Plow
43:11 Stone Shaft Mining
41:59 Pikeman
42:25 Gambesons
42:26 Arson
42:53 Scale Barding Armor
43:04 Chain Mail Armor
43:25 Iron Casting
43:10 Capped Ram
43:11 Onager
43:11 Heavy Scorpion
45:00 Man-at-Arms
45:01 Halberdier
45:03 Siege Ram
47:02 Blast Furnace
48:18 Plate Mail Armor
47:26 Siege Ram
50:52 Long Swordsman
绣虎
10:17 Feudal Age
15:25 Castle Age
13:32 Double-Bit Axe
16:43 Bow Saw
16:58 Horse Collar
22:15 Heavy Plow
23:05 Fletching
23:15 Padded Archer Armor
24:55 Bodkin Arrow
25:44 Gold Mining
25:49 Stone Mining
29:35 Imperial Age
27:52 Stone Shaft Mining
28:02 Leather Archer Armor
28:35 Stone Shaft Mining
28:55 Wheelbarrow
28:06 Loom
28:18 Town Watch
29:46 Ballistics
29:39 Fortified Wall
30:28 Hand Cart
29:44 Elite Skirmisher
31:31 Chemistry
30:37 Bracer
31:48 Two-Man Saw
31:53 Conscription
32:30 Conscription
33:28 Pirotechnia
33:37 Guilds
33:05 Elite Genoese Crossbowman
33:55 Capped Ram
34:59 Treadmill Crane
36:11 Ring Archer Armor
35:23 Elite Genoese Crossbowman
49:08 Caravan
boboaidy
9:50 Feudal Age
14:21 Castle Age
12:35 Double-Bit Axe
12:55 Horse Collar
21:51 Loom
25:05 Heavy Plow
28:33 Imperial Age
26:57 Wheelbarrow
26:18 Stone Mining
26:18 Gold Mining
29:05 Forging
29:00 Scale Barding Armor
29:56 Hand Cart
29:54 Guilds
30:29 Iron Casting
29:59 Devotion
29:59 Elite War Elephant
31:31 Conscription
31:20 Husbandry
31:30 Bloodlines
32:45 Stone Shaft Mining
32:45 Gold Shaft Mining
32:21 Fletching
33:33 Blast Furnace
32:54 Chain Barding Armor
33:40 Faith
35:01 Crop Rotation
42:42 Citadels
43:47 Fletching
44:35 Plate Barding Armor
43:51 Fletching
48:57 Town Watch
rugiero569
9:25 Loom
11:30 Feudal Age
13:03 Double-Bit Axe
15:35 Castle Age
19:24 Fervor
19:35 Sanctity
20:06 Redemption
21:23 Horse Collar
23:26 Devotion
23:27 Atonement
23:41 Heavy Plow
24:16 Bow Saw
25:46 Wheelbarrow
30:21 Imperial Age
28:29 Squires
28:50 Scale Mail Armor
29:01 Forging
29:24 Arson
29:25 Gambesons
29:00 Man-at-Arms
29:03 Pikeman
30:13 Chain Mail Armor
30:58 Iron Casting
30:56 Long Swordsman
32:10 Plate Mail Armor
32:01 Block Printing
31:42 Herbal Medicine
32:29 Conscription
33:39 Blast Furnace
33:36 Gold Mining
34:48 Illumination
35:39 Garland Wars
34:55 Two-Handed Swordsman
42:03 Champion
44:05 Theocracy
Lala Land
5:18 Loom
12:42 Feudal Age
16:38 Castle Age
14:45 Double-Bit Axe
14:52 Horse Collar
17:17 Gold Mining
18:24 Scale Mail Armor
25:41 Bow Saw
27:26 Wheelbarrow
26:52 Heavy Plow
26:45 Stone Mining
29:14 Hand Cart
29:37 Gold Shaft Mining
34:01 Imperial Age
31:50 Chain Mail Armor
31:56 Town Watch
32:55 Town Patrol
35:10 Treadmill Crane
36:31 Chemistry
35:53 Ballistics
36:38 Chemistry
37:04 Pikeman
37:44 Squires
37:47 Halberdier
38:39 Forging
39:15 Conscription
40:37 Iron Casting
41:47 Two-Man Saw
41:18 Crop Rotation
40:20 Elite Skirmisher
40:52 Fletching
41:06 Padded Archer Armor
43:24 Bodkin Arrow
44:13 Siege Engineers
43:50 Elite Skirmisher
44:32 Bracer
46:18 Leather Archer Armor
48:41 Masonry
Connection lost

Rejoining the realm…

Still unreachable

The connection could not be restored.

Session expired

The server has moved on; the page needs a fresh start.